 Dungeon Crawl Stone Soup version 0.18.1-50-g88ac8fd (webtiles) character file.

69 KarmaPolice the Sneak (level 4, -4/21 HPs)
             Began as a Vine Stalker Enchanter on Sept 20, 2016.
             Slain by an iron imp (8 damage)
             ... summoned by Natasha
             ... on level 3 of the Dungeon.
             The game lasted 00:06:12 (1467 turns).

KarmaPolice the Sneak (Vine Stalker Enchanter)      Turns: 1467, Time: 00:06:13

Health: -4/21      AC:  3    Str: 11    XL:     4   Next: 20%
Magic:  0/9        EV: 12    Int: 15    God:
Gold:   77         SH:  0    Dex: 15    Spells: 2 memorised, 5 levels left

rFire  . . .     SeeInvis .     a - +1 dagger
rCold  . . .     Gourm    .     b - +1 robe
rNeg   . . .     Faith    .     (no shield)
rPois  .         Spirit   +     (no helmet)
rElec  .         Dismiss  .     (no cloak)
rCorr  .         Reflect  .     (no gloves)
SustAt .         Harm     .     (no boots)
MR     .....                    (no amulet)
Stlth  +++.......               (no ring)
                                (no ring)

@: very slightly contaminated, slowed, very slow, not resistant to hostile
enchantments, fairly stealthy
A: fangs 2, regeneration 1, magic shield, antimagic bite, no device heal 3, rot
immunity
a: no special abilities


You were on level 3 of the Dungeon.
You were not hungry.

You visited 1 branch of the dungeon, and saw 3 of its levels.

You collected 77 gold pieces.

Inventory:

Hand Weapons
 a - a +1 dagger (weapon)
Armour
 b - a +1 robe (worn)
Jewellery
 m - an uncursed ring of resist corrosion {unknown}
Scrolls
 g - 2 scrolls of remove curse {unknown}
 j - a scroll of enchant armour {unknown}
 k - 2 scrolls of identify {unknown}
 n - a scroll of teleportation {unknown}
Potions
 e - 2 potions of invisibility {unknown}
 f - a potion of resistance {unknown}
 i - 2 potions of brilliance {unknown}
Books
 c - a book of Maledictions

   Spells                             Type                      Level
   a - Corona                         Hexes                        1
   b - Ensorcelled Hibernation        Hexes/Ice                    2
   c - Confuse                        Hexes                        3
   d - Tukima's Dance                 Hexes                        3
   e - Dazzling Spray                 Conjuration/Hexes            3
Comestibles
 d - a bread ration
 h - a beef jerky
 l - 4 chunks of flesh


   Skills:
 - Level 2.0 Short Blades
 - Level 1.5 Dodging
 + Level 4.5 Stealth
 + Level 2.7 Spellcasting
 + Level 3.5 Hexes
 + Level 0.2 Ice Magic


You had 5 spell levels left.
You knew the following spells:

 Your Spells              Type           Power        Failure   Level  Hunger
a - Corona                Hex            ##.....      6%          1    #......
b - Ensorcelled Hibernat  Hex/Ice        #.....       14%         2    ##.....


Dungeon Overview and Level Annotations

Branches:
Dungeon (3/15)

Altars:
Kikubaaqudgha
Qazlal

Annotations:
D:3 Natasha


Innate Abilities, Weirdness & Mutations

You have extremely sharp teeth.
Your natural rate of healing is unusually fast.
When hurt, damage is shared between your health and your magic reserves.
Your bite disrupts and absorbs the magic of your enemies.
Potions and wands cannot restore your health.
You are immune to rotting.


Message History

Aiming: Ensorcelled Hibernation
Press: ? - help, Shift-Dir - straight line, f/p - Natasha
Aim: Natasha (softly glowing, chance to defeat MR: 38%)
You miscast Ensorcelled Hibernation.
Frost spreads across the the floor.
Natasha stares at you and mumbles some strange words.
You resist with some effort. Natasha claws you.
You hit Natasha. You bite Natasha, but do no damage.
Natasha is lightly wounded.
Natasha claws you.
You hit Natasha but do no damage. Your bite misses Natasha.
Natasha is lightly wounded.
The iron imp hits you.
Natasha extends her claws.
Natasha closely misses you.
You hit Natasha.
Natasha is moderately wounded.
Natasha stops glowing.
Natasha claws you.
* * * LOW HITPOINT WARNING * * *
The iron imp hits you!
You die...

#..... #.. #..... ...
#..... #.. ###### #.....
####.. ..)..###.....
#....§#########......#'#
+...(P#.......#P.....#.#
#.....##.._..##......#.#
#....5h@.......P.....#.#
#.....5..............#÷.
#....#...###.....###.###
......#.P..#...P..# #.#
#.... #.......PP..# .#
#.... ##.P........# .#
#.## ##..P......# #.
#.##......# #...+.....#


You could see an iron imp, Natasha and a white imp.

Vanquished Creatures
  Robin (D:2)
  2 dart slugs (D:2)
  A giant gecko (D:3)
  2 ball pythons (D:2)
  2 bats (D:1)
  A giant cockroach (D:2)
  9 goblins
  14 hobgoblins
  5 kobolds
  3 giant newts
  8 rats
48 creatures vanquished.

Notes
Turn   | Place    | Note
--------------------------------------------------------------
     0 | D:1      | KarmaPolice the Vine Stalker Enchanter began the quest for the Orb.
     0 | D:1      | Reached XP level 1. HP: 9/9 MP: 4/4
    25 | D:1      | Reached skill level 1 in Short Blades
    55 | D:1      | Reached XP level 2. HP: 13/13 MP: 6/6
    82 | D:1      | Learned a level 2 spell: Ensorcelled Hibernation
   522 | D:2      | Found a stormy altar of Qazlal.
   754 | D:2      | Reached XP level 3. HP: 16/16 MP: 7/7
   776 | D:2      | Reached skill level 4 in Stealth
   841 | D:2      | Noticed Robin
   865 | D:2      | Killed Robin
  1213 | D:2      | Reached XP level 4. HP: 21/21 MP: 6/8
  1448 | D:3      | Found an ancient bone altar of Kikubaaqudgha.
  1456 | D:3      | Noticed Natasha
  1467 | D:3      | Slain by an iron imp

Skill      XL: |  1  2  3 |
---------------+----------+-----
Short Blades   | 1 2 |  2.0
Stealth        | 4 |  4.5
Dodging        | |  1.5
Spellcasting   | |  2.7
Hexes          | |  3.5
Ice Magic      | |  0.2

Action                   |  1- 3 |  4- 6 || total
-------------------------+-------+-------++-------
Melee: Dagger            |   139 |    29 ||   168
       Bite              |    27 |     4 ||    31
 Cast: Ensorcelled Hiber |       |     1 ||     1
       Corona            |       |     1 ||     1
 Stab: Sleeping          |     6 |     2 ||     8
  Eat: Chunk             |     1 |     1 ||     2
Armor: Robe              |    15 |     1 ||    16
Dodge: Dodged            |    76 |    22 ||    98
